 Dungeon Crawl Stone Soup version 0.28-a0-1415-g7c84da036a (webtiles) character file.

Game seed: 5913167115140544772

127682 grumblor the Severer (level 16, 0/150 HPs)
             Began as a Deep Dwarf Berserker on Jan 7, 2022.
             Was an Elder of Trog.
             Killed from afar by a deep elf knight (28 damage)
             ... with a shard of ice
             ... on level 1 of the Elven Halls.
             The game lasted 01:31:40 (20111 turns).

grumblor the Severer (Deep Dwarf Berserker)        Turns: 20111, Time: 01:31:40

Health: 0/150      AC: 25    Str: 28    XL:     16   Next: 46%
Magic:  13/13      EV: 14    Int:  9    God:    Trog [****..]
Gold:   2457       SH: 14    Dex: 12    Spells: 15/15 levels left

rFire   + + .      SeeInvis +   G - +3 war axe (elec)
rCold   + + .      Faith    +   a - +2 shield of Resistance {rF++ rC++ Will++}
rNeg    + . .      Spirit   .   o - +0 plate armour
rPois   .          Reflect  .   h - +0 helmet
rElec   .          Harm     .   g - +0 cloak
rCorr   .          Rampage  .   c - +2 pair of gloves
Will    +++++                   u - +0 pair of boots
Stlth   ..........              y - amulet of faith
HPRegen 1.00/turn               w - +4 ring of evasion
MPRegen 0.13/turn               n - ring of see invisible

@: strong-willed, on berserk cooldown, regenerating, slowed, studying Axes, very
slow
A: damage resistance, heal wounds, negative energy resistance 1, sense
surroundings 2, no regeneration
a: Heal Wounds, Renounce Religion, Berserk, Trog's Hand, Brothers in Arms


You were on level 1 of the Elven Halls.
You worshipped Trog.
Trog was greatly pleased with you.
You visited 5 branches of the dungeon, and saw 25 of its levels.
You also visited: Ice Cave.

You collected 3772 gold pieces.
You spent 1315 gold pieces at shops.

Inventory:

Hand Weapons
 B - a +1 war axe of flaming
 G - a +3 war axe of electrocution (weapon)
 I - a +2 vorpal broad axe
Missiles
 k - 3 silver boomerangs
 l - 51 poisoned darts
 s - 5 silver javelins
 v - 7 boomerangs (quivered)
 M - 8 boomerangs of dispersal
Armour
 a - the +2 shield of Resistance (worn) {rF++ rC++ Will++}
   (You found it on level 10 of the Dungeon)

   rF:        It greatly protects you from fire.
   rC:        It greatly protects you from cold.
   Will:      It greatly increases your willpower.
 c - a +2 pair of gloves (worn)
 g - a +0 cloak (worn)
 h - a +0 helmet (worn)
 o - a +0 plate armour (worn)
 u - a +0 pair of boots (worn)
Jewellery
 m - a +4 ring of protection
 n - a ring of see invisible (right hand)
 w - a +4 ring of evasion (left hand)
 y - an amulet of faith (around neck)
 A - a ring of protection from fire
 H - a ring of flight
 J - a ring of protection from cold
 N - the ring of Xom's Sleight of Hands {rPois rN+ Will+ rCorr Dex-4}
   (You acquired it on level 13 of the Dungeon)

   [ring of positive energy]

   Dex:       It affects your dexterity (-4).
   rPois:     It protects you from poison.
   rN:        It protects you from negative energy.
   rCorr:     It protects you from acid and corrosion.
   Will:      It increases your willpower.
Wands
 j - a wand of digging (7)
 p - a wand of acid (6)
 r - a wand of flame (21)
Scrolls
 b - 4 scrolls of fear
 x - 7 scrolls of teleportation
 C - a scroll of enchant armour
 D - 2 scrolls of holy word
 F - a scroll of blinking
 O - a scroll of identify
 P - a scroll of enchant weapon
Potions
 e - a potion of invisibility
 f - 4 potions of lignification
 i - a potion of cancellation
 q - 2 potions of magic
 t - 5 potions of heal wounds
 z - a potion of berserk rage
 L - 4 potions of might
Miscellaneous
 E - a lightning rod (1/4)


   Skills:
 + Level 11.0 Fighting
 * Level 19.1 Axes
 - Level 4.0 Throwing
 + Level 14.4 Armour
 + Level 9.0 Dodging
 + Level 14.3 Shields
 * Level 14.4 Evocations


You had 15 spell levels left.
You didn't know any spells.
Your spell library was empty.

Dungeon Overview and Level Annotations

Branches:
Dungeon (15/15)            Temple (0/1) D:6            Lair (6/6) D:9
  Snake (0/4) Lair:4       Spider (1/4) Lair:2        Slime (0/5) Lair:6
    Orc (2/2) D:10            Elf (1/3) Orc:2        Vaults (0/5) D:13
 Depths (0/4) D:15          IceCv (visited)

Altars:
Cheibriados
Fedhas
Nemelex Xobeh
Qazlal
Sif Muna
Vehumet
Xom
Yredelemnul
Zin

Shops:
D:9 *   Orc:2 =::*

Annotations:
D:10 1 runed translucent door
D:15 2 runed translucent doors, Eliad's ghost, adept DEFE


Innate Abilities, Weirdness & Mutations

You are resistant to damage.
You can heal yourself by infusing magical energy.
You resist negative energy. (rN+)
You passively map the area around you.
You do not regenerate.


Message History

You feel the effects of Trog's Hand fading.
You start waiting.
You hear the stately tolling of a bell very nearby.
You hear the stately crackle of a magical portal nearby.
Your skin stops crawling.
You feel less strong-willed.
A deep elf knight comes into view. It is wielding a +0 long sword.
The deep elf knight shouts!
Unknown command.
The deep elf knight gestures wildly while chanting.
The deep elf knight flickers and vanishes!
Deactivating autopickup; reactivate with Ctrl-A.
A deep elf pyromancer comes into view. It is wielding a +0 short sword.
You hit something.
You hear some strange, mumbled words.
A shard of ice appears from out of thin air!
The shard of ice hits you!! You partially resist.
* * * LOW HITPOINT WARNING * * *
You slice something!! Something hits you.
* * * LOW HITPOINT WARNING * * *
You're wearing all the rings you can.
Remove which one? (? for menu, Esc to cancel) < or
w - a +4 ring of evasion; > or
m - a +4 ring of protection You remove your +4 ring of protection.
Something hits you but does no damage.
Reactivating autopickup.
n - a ring of see invisible (right hand)
You block the deep elf knight's attack.
Unknown command.
Unknown command.
Your skin crawls.
You feel strong-willed. You block the deep elf knight's attack.
You miss the deep elf knight.
The deep elf knight is heavily wounded.
The deep elf knight gestures at you while chanting.
The shard of ice hits you!! You partially resist.
* * * LOW HITPOINT WARNING * * *
You feel much better.
The deep elf knight gestures at you while chanting.
The shard of ice hits you!! You partially resist.
You die...

≈≈≈ * , , * ≈≈ , , ⌠.
, * ∩ ⌠,..# * *## * ,
⌠.. #.e , * * ,≈, ,
..* #.# * * ** **#.*
#.# *, #.# *#. #.# *
.....#.#####.#
.......@e....#
.......###^..#
########*##...## * *
###..)######.....## ,
###...#)..##.........#
* * #
#)..#####)#..........#
#####.###
##)#..........# * *
....))#
#.).....8#8..... *
.######
#..#.._.###.....


You could see a deep elf knight (invisible).

Vanquished Creatures
  Rupert (Lair:2)
  2 broodmothers
  A deep elf death mage (Elf:1)
  2 fire dragons (D:10)
  2 ice dragons (D:10)
  5 vault guards (D:13)
  A rakshasa (D:10)
  4 ogre magi
  11 hydras
  A merfolk avatar (Lair:6)
  4 boulder beetles
  3 centaur warriors
  2 dancing weapons (Elf:1)
  12 two-headed ogres
  Erica (D:8)
  3 death yaks (Lair:6)
  Urug (D:12)
  A deep elf knight (Elf:1)
  A pharaoh ant (Lair:2)
  2 deep trolls (Orc:2)
  A sea snake (Lair:6)
  A steelbarb worm (Lair:2)
  A deep elf archer (D:13)
  7 orc knights
  Pikel (D:5)
  A wizard (D:15)
  6 deep elf pyromancers
  2 deep elf zephyrmancers
  A harpy (Lair:6)
  2 necromancers
  A manticore (shapeshifter) (D:14)
  7 ugly things
  4 oklob plants (Lair:5)
  12 cyclopes
  5 manticores
  3 orc sorcerers
  A moth of wrath (Spider:1)
  Maurice (D:9)
  12 elephants
  A naga mage (D:15)
  7 black mambas
  A torpor snail (Lair:2)
  An ice statue (IceCv)
  3 gargoyles (D:12)
  2 demonic crawlers
  A centaur skeleton (D:15)
  15 cane toads
  An unseen horror (D:12)
  A yaktaur (shapeshifter) (D:13)
  11 rime drakes
  13 komodo dragons
  12 ice devils (IceCv)
  6 freezing wraiths
  3 anaconda simulacra (IceCv)
  4 tengu conjurers (D:15)
  A troll (shapeshifter) (D:14)
  A hornet (D:10)
  4 polar bears
  14 trolls
  A wolf spider simulacrum (D:15)
  11 tarantellas
  Prince Ribbit (D:7)
  7 dream sheep (Lair:6)
  A snapping turtle (Lair:6)
  6 slime creatures (D:12)
  5 jumping spiders
  Sigmund (D:5)
  4 culicivoras (Spider:1)
  38 yaks
  A water elemental (Elf:1)
  A fire bat (shapeshifter) (D:13)
  5 wyverns
  2 wraiths
  2 dire elephant simulacra (IceCv)
  A human (D:13)
  A shadow (D:13)
  14 redbacks
  4 vampire mosquitoes
  3 steam dragons
  8 basilisks
  3 death yak simulacra (IceCv)
  Menkaure (D:6)
  2 nagas (Lair:4)
  A harpy simulacrum (IceCv)
  8 wargs
  21 water moccasins
  5 acid dragons
  2 swamp drakes (Lair:1)
  25 orc warriors
  2 ice beasts
  A sky beast (D:7)
  A necrophage (D:6)
  2 black bears
  3 boggarts (D:14)
  27 ogres
  10 wolves
  15 centaurs
  A kobold brigand (D:11)
  2 wyvern zombies
  22 bullfrogs
  A gnoll sergeant (D:10)
  2 scorpions
  4 cane toad simulacra (IceCv)
  A water moccasin skeleton (D:4)
  6 elephant simulacra (IceCv)
  13 killer bees
  19 wights
  A howler monkey (D:10)
  An electric eel (D:8)
  4 centaur zombies
  2 bullfrog zombies
  4 hounds
  A jelly (D:6)
  A gnoll shaman (D:6)
  16 orc priests
  An iron imp (D:9)
  Ijyb (D:5)
  6 iguanas
  24 orc wizards
  2 spriggan simulacra (IceCv)
  3 troll simulacra (IceCv)
  3 polar bear simulacra (IceCv)
  4 wolf simulacra (IceCv)
  A hound zombie (D:3)
  A hound skeleton (D:5)
  8 gnolls
  8 adders
  2 ufetubi
  2 adder skeletons (D:4)
  3 worms
  5 dart slugs
  69 orcs
  9 endoplasms
  7 giant cockroaches
  2 hobgoblins
  2 jackals (D:3)
  5 kobolds
  A quokka (D:4)
  13 ball pythons
  4 bats
  8 frilled lizards
  10 goblins
  A rat (D:1)
  A spectral orc (D:9)
784 creatures vanquished.

Vanquished Creatures (collateral kills)
  An entropy weaver (Spider:1)
  A wolf spider (Lair:2)
  A moth of wrath (Lair:2)
  3 meliai (Spider:1)
  3 redbacks
9 creatures vanquished.

Vanquished Creatures (others)
  A wizard (D:15)
  2 orcs (Orc:2)
  38 fungi
  110 plants
151 creatures vanquished.

Grand Total: 944 creatures vanquished

Notes
Turn   | Place    | Note
-------+----------+-------------------------------------------
     0 | D:1      | grumblor the Deep Dwarf Berserker began the quest for the
                  | Orb.
     0 | D:1      | Reached XP level 1. HP: 20/20 MP: 1/1
    86 | D:1      | Reached XP level 2. HP: 21/27 MP: 2/2
   322 | D:1      | Reached ** piety under Trog
   323 | D:1      | Reached XP level 3. HP: 29/34 MP: 2/2
   659 | D:2      | Reached skill level 4 in Axes
   928 | D:2      | Found a faded altar of an unknown god.
   993 | D:2      | Found the +4 dagger "Morg" {pain, Will+ Int+5}
  1122 | D:3      | Reached XP level 4. HP: 33/42 MP: 3/3
  1155 | D:3      | Reached skill level 5 in Axes
  1355 | D:3      | Reached XP level 5. HP: 27/49 MP: 4/4
  1626 | D:3      | Identified the +6 dagger "Veaxzu Aneso" {drain, rN+ Will+
                  | Int+4 Stlth+}
  1916 | D:4      | Reached *** piety under Trog
  1917 | D:4      | Reached skill level 6 in Axes
  1938 | D:4      | Reached XP level 6. HP: 27/56 MP: 5/5
  1995 | D:4      | Found a stormy altar of Qazlal.
  1996 | D:4      | Found a sparkling altar of Nemelex Xobeh.
  2060 | D:4      | Reached skill level 1 in Throwing
  2080 | D:4      | Reached skill level 7 in Axes
  2080 | D:4      | Reached XP level 7. HP: 29/63 MP: 6/6
  2610 | D:5      | Entered Level 5 of the Dungeon
  2665 | D:5      | Noticed Ijyb
  2677 | D:5      | Paralysed by Ijyb for 2 turns
  2683 | D:5      | Paralysed by Ijyb for 4 turns
  2689 | D:5      | Killed Ijyb
  2808 | D:5      | Noticed Pikel
  2848 | D:5      | Killed Pikel
  2849 | D:5      | Reached skill level 8 in Axes
  2849 | D:5      | Reached XP level 8. HP: 28/72 MP: 7/7
  2867 | D:5      | Reached skill level 5 in Armour
  3037 | D:5      | Reached skill level 9 in Axes
  3093 | D:5      | Found a shimmering altar of Xom.
  3093 | D:5      | Found a shimmering altar of Xom.
  3093 | D:5      | Found a shimmering altar of Xom.
  3094 | D:5      | Found a shimmering altar of Xom.
  3103 | D:5      | Found a shimmering altar of Xom.
  3103 | D:5      | Found a shimmering altar of Xom.
  3104 | D:5      | Found a shimmering altar of Xom.
  3241 | D:5      | Noticed Sigmund
  3254 | D:5      | Killed Sigmund
  3535 | D:6      | Gained mutation: You passively map the area around you.
                  | [Deep Dwarf growth]
  3535 | D:6      | Reached XP level 9. HP: 41/79 MP: 8/8
  3559 | D:6      | Found a staircase to the Ecumenical Temple.
  3678 | D:6      | Noticed Menkaure
  3684 | D:6      | Killed Menkaure
  4023 | D:7      | Reached skill level 5 in Fighting
  4478 | D:7      | Reached skill level 10 in Axes
  4711 | D:7      | Noticed a troll
  4716 | D:7      | Killed a troll
  4725 | D:7      | Noticed Prince Ribbit
  4743 | D:7      | Killed Prince Ribbit
  4925 | D:8      | Noticed a komodo dragon
  4953 | D:8      | HP: 4/80 [komodo dragon (18)]
  4974 | D:8      | Killed a komodo dragon
  4975 | D:8      | Reached skill level 5 in Evocations
  4975 | D:8      | Reached XP level 10. HP: 20/91 MP: 9/9
  5017 | D:8      | Identified the +7 short sword "Faomoen" {venom, Fragile
                  | Dex+6}
  5404 | D:8      | Reached skill level 5 in Dodging
  5418 | D:8      | Noticed Erica
  5451 | D:8      | Killed Erica
  5920 | D:9      | Found a staircase to the Lair.
  5953 | D:9      | Found Xalaemn's Changing Room.
  5954 | D:9      | Noticed Maurice
  5974 | D:9      | Killed Maurice
  5975 | D:9      | Reached skill level 10 in Armour
  6063 | D:9      | Found a basalt altar of Yredelemnul.
  6250 | D:9      | Reached **** piety under Trog
  6300 | D:9      | Found a snail-covered altar of Cheibriados.
  6375 | D:9      | Reached XP level 11. HP: 53/85 MP: 10/10
  6462 | D:9      | Found a glowing silver altar of Zin.
  6462 | D:9      | Noticed an angel
  6479 | D:9      | Found a shimmering blue altar of Sif Muna.
  6712 | Lair:1   | Entered Level 1 of the Lair of Beasts
  6737 | Lair:1   | Noticed a four-headed hydra
  6768 | D:9      | Killed a one-headed hydra
  6769 | D:9      | Reached skill level 11 in Axes
  7168 | Lair:1   | Reached skill level 12 in Axes
  7847 | Lair:2   | Reached XP level 12. HP: 58/109 MP: 11/11
  7996 | Lair:2   | Noticed a seven-headed hydra
  8008 | Lair:2   | Killed a three-headed hydra
  8333 | Lair:2   | Found a hole to the Spider Nest.
  8512 | Lair:3   | Reached skill level 13 in Axes
  8548 | Lair:3   | Noticed a six-headed hydra
  8571 | Lair:3   | Killed a one-headed hydra
  8707 | Lair:3   | Noticed a six-headed hydra
  8717 | Lair:3   | Killed a one-headed hydra
  8952 | Lair:4   | Noticed a five-headed hydra
  8961 | Lair:4   | Killed a one-headed hydra
  8978 | Lair:4   | Found a staircase to the Snake Pit.
  9150 | Lair:4   | Found a frozen archway.
  9192 | IceCv    | Entered an ice cave
  9466 | IceCv    | Found an ancient bone altar of Kikubaaqudgha.
  9499 | IceCv    | Reached skill level 14 in Axes
  9499 | IceCv    | Reached XP level 13. HP: 72/118 MP: 12/12
  9551 | IceCv    | Reached skill level 1 in Shields
  9752 | IceCv    | Reached skill level 5 in Shields
 10327 | Lair:4   | Reached skill level 10 in Evocations
 11539 | Lair:6   | Entered Level 6 of the Lair of Beasts
 11863 | Lair:6   | Gained mutation: You resist negative energy. (rN+) [Deep
                  | Dwarf growth]
 11863 | Lair:6   | Reached XP level 14. HP: 58/127 MP: 13/13
 11916 | Lair:6   | Reached skill level 15 in Axes
 11940 | Lair:6   | Found a staircase to the Slime Pits.
 12360 | Lair:6   | Identified the +3 leather armour of Knowledge {Str+6 Int-3}
 12448 | Lair:6   | Reached skill level 10 in Shields
 12749 | D:10     | Entered Level 10 of the Dungeon
 13392 | D:10     | Found a runed translucent door.
 13392 | D:10     | Found the +2 shield of Resistance {rF++ rC++ Will++}
 13393 | D:10     | Found a runed translucent door.
 13711 | D:10     | Found a staircase to the Orcish Mines.
 13771 | Orc:1    | Entered Level 1 of the Orcish Mines
 13992 | Orc:2    | Entered Level 2 of the Orcish Mines
 14107 | Orc:1    | Reached ***** piety under Trog
 14551 | Orc:2    | Found Daraoq's Jewellery Boutique.
 14574 | Orc:2    | Reached skill level 16 in Axes
 14707 | Orc:2    | Reached XP level 15. HP: 72/138 MP: 12/12
 14719 | Orc:2    | HP: 6/138 [ogre mage/bolt of magma (15)]
 14852 | Orc:2    | Found Opim's Book Shop.
 14890 | Orc:2    | Found Ohineomp's Assorted Antiques.
 14899 | Orc:2    | Reached skill level 10 in Fighting
 14899 | Orc:2    | Found Baba's Book Shop.
 14925 | Orc:2    | Bought a pair of distressingly furry gloves for 275 gold
                  | pieces
 14925 | Orc:2    | Identified the +4 pair of gloves "Tuxzaorchat" {rF- Regen+
                  | Int+9} (You bought it in a shop on level 2 of the Orcish
                  | Mines)
 15036 | Orc:2    | Found a staircase to the Elven Halls.
 15313 | Orc:2    | Bought a manual of Axes for 1040 gold pieces
 15481 | D:11     | Received a gift from Trog
 16109 | D:12     | Noticed Urug
 16134 | D:12     | Killed Urug
 16861 | D:13     | Reached skill level 17 in Axes
 16872 | D:13     | Identified a scroll of acquirement
 16872 | D:13     | Acquired the ring of Xom's Sleight of Hands {rPois rN+
                  | Will+ rCorr Dex-4}
 17242 | D:13     | Found a gate to the Vaults.
 17707 | D:14     | Found a blossoming altar of Fedhas.
 17967 | D:15     | Entered Level 15 of the Dungeon
 18138 | D:15     | Found a runed translucent door.
 18139 | D:15     | Noticed a lich
 18376 | D:15     | Found a staircase to the Depths.
 18431 | D:15     | Found a runed translucent door.
 18519 | D:15     | Noticed Eliad's ghost (adept DEFE)
 18625 | D:15     | Reached XP level 16. HP: 74/147 MP: 13/13
 19280 | Spider:1 | Entered Level 1 of the Spider Nest
 19283 | Spider:1 | Noticed Rupert
 19294 | Spider:1 | Reached skill level 18 in Axes
 19358 | Lair:2   | Killed Rupert
 19422 | Lair:2   | Upgraded the game from 0.28-a0-1412-gf95308ed99 to
                  | 0.28-a0-1415-g7c84da036a
 19685 | Spider:1 | Acquired 1182 gold pieces
 19981 | Elf:1    | Entered Level 1 of the Elven Halls
 20022 | Elf:1    | Found a radiant altar of Vehumet.
 20057 | Elf:1    | Reached skill level 19 in Axes
 20110 | Elf:1    | HP: 1/150 [deep elf knight/shard of ice (22)]
 20111 | Elf:1    | Killed from afar by a deep elf knight

Illustrated notes

Levels and vault maps discovered:
D:1:      erik_arrival_blinker_ship, layout_rooms, nicolae_figureground_pulse
D:2:      layout_basic, hellmonk_ecumenical_altar_crossroads
D:3:      layout_loops_ring, glass_columns_a, grunt_ministairs_6,
          nicolae_grassy_gnolls
D:4:      layout_loops_cross, gammafunk_temple_overflow_statue
D:5:      layout_loops_ring, xom_redecorated, uniq_sigmund, uniq_pikel,
          uniq_ijyb
D:6:      layout_basic, minmay_temple_entry_statues, grunt_ministairs_13,
          minmay_misc_feat_encased, uniq_crazy_yiuf_cottage, uniq_menkaure
D:7:      layout_gridville, uniq_prince_ribbit1
D:8:      layout_loops_corners, serial_bayou_pond_b, minmay_lizard_king,
          uniq_erica
D:9:      layout_cave_pools, slow_altar_1, kennysheep_orc_sif_temple, zin_angel,
          yredelemnul_forgotten_temple_becter, due_lair_maze_entry_diamond,
          amcnicky_mini_rare_corridor_liquid, small_statue_intersection,
          nicolae_transmutations_shop, uniq_maurice
D:10:     minmay_chambers_of_sevens, layout_loops_ring, david_orc_4,
          minmay_guarded_unrand_resistance
D:11:     layout_roguey, serial_corexii_hall, corexii_hall_statues_u,
          corexii_hall_statues_l
D:12:     layout_rooms, uniq_urug
D:13:     layout_small_grid, grunt_vaults_entry_fortified
D:14:     layout_roguey, fedhas_altar_3
D:15:     grunt_enter_depths_magical_seal, layout_layer_cave,
          minmay_misc_feat_diagonals, muffindrake_ghost_dual_entry
Lair:1:   layout_gridlike, pond, grunt_megastairs_5
Lair:2:   layout_chaotic_city, spider_nest_entry_a
Lair:3:   layout_misc_corridors, nicolae_lair_lil_pond
Lair:4:   layout_concentric_octagons, guppyfry_snake_entry_garden,
          portal_ice_cave_rime, beast_lair_carwin_6
Lair:5:   minmay_lair_oklob_tunnel, layout_hall_layers,
          chequers_serial_rivers_micro_c
Lair:6:   gammafunk_lair_ancient_temple, layout_gridlike,
          dpeg_slime_entry_corner, lemuel_fruit_tree, lemuel_fruit_fields
Spider:1: layout_spider_delve, uniq_rupert
Orc:1:    layout_diamond_mine, special_room [special_room_orc]
Orc:2:    st_orc_open, layout_caves, nicolae_orc_sculptors_studio
Elf:1:    eino_elf_arrival_altar, layout_loops_cross,
          lightli_enter_wizlab_magi_temple, serial_shops, bzr_entry_lakeside,
          hangedman_elf_disciples, nicolae_shop_dragon_depot,
          nicolae_elf_free_trip_to_the_abyss

Skill      XL: |  1  2  3  4  5  6  7  8  9 10 11 12 13 14 15 16 |
---------------+-------------------------------------------------+-----
Fighting       | 3 4 5 6 7 8 9 10 11 | 11.0
Axes           | 4 5 6 7 8 9 10 12 14 16 17 19 | 19.1
Armour         | 3 4 5 8 10 11 12 13 14 | 14.4
Dodging        | 3 4 6 7 8 9 |  9.0
Throwing       | 1 2 4 |  4.0
Evocations     | 2 3 5 6 8 9 10 12 13 14 | 14.4
Shields        | 9 11 13 14 | 14.3

Action                   |  1- 3 |  4- 6 |  7- 9 | 10-12 | 13-15 | 16-18 || total
-------------------------+-------+-------+-------+-------+-------+-------++-------
Melee: Hand axe          |   133 |   202 |   176 |   270 |       |       ||   781
       Punch             |     2 |     4 |     2 |    10 |       |       ||    18
       Scythe            |       |       |   167 |    22 |       |       ||   189
       Battleaxe         |       |       |       |   226 |       |       ||   226
       Scimitar          |       |       |       |    31 |    23 |       ||    54
       War axe           |       |       |       |   228 |  1327 |   206 ||  1761
       Broad axe         |       |       |       |       |    59 |       ||    59
Throw: Dart              |       |       |     7 |     4 |    59 |     5 ||    75
       Boomerang         |       |       |     6 |    10 |     5 |    16 ||    37
       Javelin           |       |       |       |       |     3 |       ||     3
Invok: Trog's Hand       |       |     6 |    13 |    43 |    71 |    19 ||   152
       Berserk           |       |       |       |     1 |       |     3 ||     4
 Abil: Heal Wounds       |     1 |       |       |       |     4 |     2 ||     7
Evoke: Wand              |       |       |     7 |     3 |     9 |     1 ||    20
       Lightning rod     |       |       |       |       |       |     8 ||     8
  Use: Scroll            |     2 |     1 |     9 |     8 |    14 |     4 ||    38
       Potion            |       |       |     2 |     2 |     8 |     3 ||    15
 Stab: Paralysed         |       |       |       |       |    12 |       ||    12
       Invisible         |       |       |       |       |     4 |       ||     4
       Distracted        |       |       |       |       |     1 |       ||     1
Armor: Animal skin       |    10 |       |       |       |       |       ||    10
       Scale mail        |     5 |       |       |       |       |       ||     5
       Chain mail        |    39 |    92 |    42 |       |       |       ||   173
       Plate armour      |       |       |   207 |   517 |   636 |   203 ||  1563
Dodge: Dodged            |    73 |    94 |   196 |   612 |   621 |   188 ||  1784
Block: Kite shield       |       |       |       |     2 |   910 |   212 ||  1124

Table legend: (Time is in decaauts)
 A = Elapsed time spent in this place.
 B = Non-inter-level travel time spent in this place.
 C = Inter-level travel time spent in this place.
 D = Time resting spent in this place.
 E = Time spent auto-exploring this place.
 F = Levels seen in this place.
 G = Mean time per level.
                   A        B        C        D        E       F      G
               +--------+--------+--------+--------+--------+-----+--------+
         Total |  20094 |  18871 |   1223 |    343 |  11861 |  26 |  772.8 |
       Dungeon |  11711 |  11066 |    645 |     22 |   7679 |  15 |  780.7 |
          Lair |   5405 |   4969 |    436 |    145 |   3063 |   6 |  900.8 |
   Spider Nest |    265 |    265 |      0 |      0 |     48 |   1 |  265.0 |
  Orcish Mines |   1583 |   1443 |    140 |     99 |    815 |   2 |  791.5 |
   Elven Halls |    124 |    124 |      0 |     18 |      7 |   1 |  124.0 |
      Ice Cave |   1004 |   1004 |      0 |     58 |    248 |   1 | 1004.0 |
               +--------+--------+--------+--------+--------+-----+--------+

Top non-repeatable levels by time:
    D:10: 1133 daAuts
  Lair:6: 1129 daAuts
    D:15: 1123 daAuts
     D:8: 1095 daAuts
  Lair:1: 1087 daAuts
  Lair:2: 1037 daAuts
   IceCv: 1004 daAuts
  Lair:4: 930 daAuts
     D:7: 915 daAuts
     D:9: 882 daAuts
   Orc:2: 854 daAuts
     D:4: 787 daAuts
     D:5: 781 daAuts
    D:13: 760 daAuts
     D:3: 731 daAuts
